 Dungeon Crawl Stone Soup version 0.30.0-12-gd5a94ecb5d (webtiles) character file.

Game seed: 12907669823452458881

1723 CaptainMV the Twirler (level 8, -12/56 (59) HPs)
             Began as a Demonspawn Wanderer on May 17, 2023.
             Was an Initiate of Yredelemnul.
             Blown up by a centaur (20 damage)
             ... with a mindburst bolt
             ... on level 6 of the Dungeon.
             The game lasted 00:35:26 (3695 turns).

CaptainMV the Twirler (Demonspawn Wanderer)         Turns: 3695, Time: 00:35:32

HP:   -12/56 (59)   AC: 11    Str: 12    XL:     8   Next: 75%
MP:   0/13          EV: 14    Int: 19    God:    Yredelemnul [......]
Gold: 342           SH:  0    Dex: 16    Spells: 10/14 levels left

rFire   + . .        a - +3 quarterstaff (chaos)
rCold   . . .        (shield currently unavailable)
rNeg    . . .        r - +2 leather armour of Insecurity {rPois rF+ Int+2 Dex+4}
rPois   +            (helmet restricted)
rElec   .            q - +0 cloak
rCorr   .            e - +1 pair of gloves
SInv    .            h - +0 pair of boots
Will    .....        (no amulet)
Stlth   ++           (no ring)
HPRegen 0.29/turn    (no ring)
MPRegen 0.13/turn

%: no passive effects
@: weakened, very slightly contaminated, drained
A: horns 2, icy blue scales 1, foul stench 1, powered by pain 1
a: Renounce Religion, Recall Undead Harvest


You were on level 6 of the Dungeon.
You worshipped Yredelemnul.
Yredelemnul was noncommittal.
You visited 2 branches of the dungeon, and saw 7 of its levels.
You also visited: Sewer.

You collected 342 gold pieces.

Inventory:

Hand Weapons
 a - a +3 quarterstaff of chaos (weapon)
 p - a +1 dagger
Missiles
 j - 27 poisoned darts
 k - 6 boomerangs (quivered)
Armour
 e - a +1 pair of gloves (worn)
 h - a +0 pair of boots (worn)
 q - a +0 cloak (worn)
 r - the +2 leather armour of Insecurity (worn) {rPois rF+ Int+2 Dex+4}
   (You found it on level 4 of the Dungeon)

   Int:       It affects your intelligence (+2).
   Dex:       It affects your dexterity (+4).
   rF:        It protects you from fire.
   rPois:     It protects you from poison.
Wands
 b - a wand of polymorph (6)
Scrolls
 c - 4 scrolls of fog
 i - 2 scrolls of poison
 o - a scroll of summoning
 u - a scroll of magic mapping
 w - a scroll of silence
 y - a scroll of teleportation
Potions
 d - a potion of experience {unknown}
 f - a potion of mutation {unknown}
 g - 2 potions of cancellation {unknown}
 l - 2 potions of curing
 m - 2 potions of lignification {unknown}
 n - 2 potions of berserk rage {unknown}
 s - a potion of invisibility {unknown}
 t - 4 potions of heal wounds {unknown}
 v - a potion of haste {unknown}
 z - 3 potions of flight {unknown}
 A - a potion of brilliance {unknown}


   Skills:
 + Level 3.6 Fighting
 + Level 1.3 Short Blades
 + Level 5.7 Staves
 + Level 2.9 Armour
 + Level 5.5 Dodging
 + Level 1.5 Stealth
 + Level 3.8 Spellcasting
 + Level 0.2 Conjurations
 + Level 4.6 Earth Magic
 + Level 2.1 Invocations


You had 10 spell levels left.
You knew the following spells:

 Your Spells              Type           Power      Damage    Failure   Level
a - Sandblast             Erth           42%        2d11      2%          1
b - Stone Arrow           Conj/Erth      24%        3d8       21%         3

Your spell library contained the following spells:

 Spells                   Type           Power      Damage    Failure   Level
 Summon Guardian Golem    Hex/Summ       3%         N/A       47%         3
 Orb of Destruction       Conj           2%         9d5       100%        7
 Spellforged Servitor     Conj/Summ      2%         N/A       100%        7


Dungeon Overview and Level Annotations

Branches:
Dungeon (6/15)             Temple (1/1) D:5           Sewer (visited)

Altars:
Cheibriados
Dithmenos
Fedhas
Makhleb
Nemelex Xobeh
Okawaru
Qazlal
Sif Muna
Trog
Uskayaw
Vehumet
Wu Jian
Xom
Yredelemnul

Shops:
D:3 (   D:6 *

Annotations:
Temple 4 transporters


Innate Abilities, Weirdness & Mutations

You have a pair of horns on your head.
You are partially covered in icy blue scales. (AC +2)
You may rarely emit foul miasma when damaged in melee.
You sometimes gain a little power by taking damage.


Message History

Aiming: Stone Arrow (dangerous; 21% risk of failure)
Press: ? - help, Shift-Dir - straight line, f - wight, p - centaur
Aim: a wight, wielding a +4 mace and wearing a +0 robe (severely damaged, ally target, 68% to hit)
You miscast Stone Arrow.
You are very lightly contaminated with residual magic.
Nothing appears to happen.
Casting: Stone Arrow (dangerous; 21% risk of failure)
Confirm with . or Enter, or press ? or * to list all spells.
Aiming: Sandblast (safe; 2% risk of failure)
Press: ? - help, Shift-Dir - straight line, f/p - wight
Aim: a wight, wielding a +4 mace and wearing a +0 robe (severely damaged, ally target, 83% to hit)
The blast of sand hits the wight but does no damage.
The wight is severely damaged.
The gnoll bouda gazes fiercely through you!
You feel your attacks grow feeble.
The centaur shoots an arrow.
The arrow hits you.
* * * LOW HITPOINT WARNING * * *
The centaur shoots an arrow.
The arrow closely misses you.
The gnoll bouda barks out a call to the hunt!
The gnoll picks up the pace!
Your gnoll zombie hits the wight but does no damage.
The wight completely misses you.
Your gnoll zombie hits the wight but does no damage.
The gnoll misses you.
You closely miss the wight.
The wight is severely damaged.
The centaur unwields a +0 shortbow.
The centaur hits you.
* * * LOW HITPOINT WARNING * * *
The centaur kicks you but does no damage.
The wight closely misses you.
Your gnoll zombie hits the wight but does no damage.
The gnoll misses you.
You closely miss the centaur.
You headbutt the centaur, but do no damage.
The centaur is moderately wounded.
The centaur zaps a wand.
You struggle to resist.
The wight hits you with a +4 mace.
* * * LOW HITPOINT WARNING * * *
The centaur zaps a wand.
Your mind is blasted!
You die...

#z###Z###.###'###.
#....#.# #.# #.# #.# #.
#......# #.###.# #.# #.
#....#.# #.Z.z.+ ..# #.
#....#.# #####.# ### #.
#....#.# #.# #.
#...[..#######'#######.
#......Zg..z..........
#$....@z.g.##########.
#......c...#
####.......# #.......#
#......... #.#######.#
#. ... .. #.


You could see a centaur, a gnoll bouda, 2 wights, a gnoll (swift) and a friendly
gnoll zombie.

Vanquished Creatures
  Menkaure (D:4)
  A water moccasin (D:5)
  2 ice beasts (D:5)
  An ogre (D:4)
  5 kobold brigands (Sewer)
  A bullfrog (D:5)
  A scorpion (D:4)
  2 hounds (D:5)
  A gnoll bouda (D:6)
  3 sleepcaps
  Crazy Yiuf (D:2)
  An iguana (D:5)
  2 orc wizards
  Natasha (twice) (D:3)
  Robin (D:2)
  7 gnolls
  4 adders
  5 river rats (Sewer)
  A shadow imp (D:5)
  4 worms
  4 dart slugs
  12 orcs
  7 ball pythons
  3 bats
  An endoplasm (D:1)
  7 giant cockroaches
  12 goblins
  7 hobgoblins
  5 jackals
  5 quokkas (D:3)
  2 frilled lizards
  15 kobolds
  15 rats
141 creatures vanquished.

Vanquished Creatures (collateral kills)
  A jelly (D:5)
  Natasha (D:3)
  3 adders
  2 river rats (Sewer)
  A goblin (D:4)
  4 kobolds (Sewer)
  A ball python (Sewer)
  3 frilled lizards
  5 rats (Sewer)
21 creatures vanquished.

Vanquished Creatures (others)
  An orc wizard (D:5)
  A jelly zombie (D:5)
  2 orc zombies (D:6)
  3 adder zombies
  4 gnoll zombies (D:6)
  3 river rat zombies (Sewer)
  2 ball python zombies (Sewer)
  A dart slug zombie (D:5)
  A frilled lizard zombie (Sewer)
  A giant cockroach zombie (D:3)
  4 kobold zombies (Sewer)
  A quokka zombie (D:3)
  6 rat zombies (Sewer)
30 creatures vanquished.

Grand Total: 192 creatures vanquished

Notes
Turn   | Place    | Note
-------+----------+-------------------------------------------
     0 | D:1      | CaptainMV the Demonspawn Wanderer began the quest for the
                  | Orb.
     0 | D:1      | CaptainMV set off with the following items: a +0 dagger, a
                  | potion of attraction, a scroll of fog, a +2 leather armour;
                  | and the following spell memorised: Sandblast; and the
                  | following spells available to memorise: Stone Arrow.
     0 | D:1      | Reached XP level 1. HP: 15/15 MP: 2/2
   163 | D:1      | Gained mutation: You are partially covered in icy blue
                  | scales. (AC +2) [demonic ancestry]
   163 | D:1      | Reached XP level 2. HP: 21/21 MP: 1/3
   585 | D:2      | Gained mutation: You have a pair of small horns on your
                  | head. [demonic ancestry]
   585 | D:2      | Reached XP level 3. HP: 26/26 MP: 1/4
   824 | D:2      | Found a basalt altar of Yredelemnul.
  1070 | D:2      | Identified the +2 helmet of Fanaticism {+Blink}
  1070 | D:2      | Noticed Robin
  1098 | D:2      | Killed Robin
  1099 | D:2      | Reached XP level 4. HP: 24/32 MP: 2/7
  1123 | D:2      | Found a runed translucent door.
  1124 | D:2      | Noticed Crazy Yiuf
  1133 | D:2      | Learned a level 3 spell: Stone Arrow
  1139 | D:2      | Killed Crazy Yiuf
  1140 | D:2      | Reached skill level 1 in Armour
  1270 | D:2      | Became a worshipper of Yredelemnul the Dark
  1312 | D:3      | Noticed Natasha
  1316 | D:3      | Killed Natasha
  1367 | D:3      | Found a glowing drain.
  1389 | Sewer    | Entered a sewer
  1400 | Sewer    | Reached skill level 1 in Short Blades
  1411 | Sewer    | Gained mutation: You have a pair of horns on your head.
                  | [demonic ancestry]
  1411 | Sewer    | Reached XP level 5. HP: 37/37 MP: 6/8
  1429 | Sewer    | Reached * piety under Yredelemnul
  1438 | Sewer    | Reached skill level 5 in Dodging
  1544 | Sewer    | Reached skill level 1 in Staves
  1544 | Sewer    | Reached XP level 6. HP: 43/43 MP: 1/10
  1621 | Sewer    | Reached ** piety under Yredelemnul
  1671 | Sewer    | Reached *** piety under Yredelemnul
  1798 | Sewer    | Gained mutation: You may rarely emit foul miasma when
                  | damaged in melee. [demonic ancestry]
  1798 | Sewer    | Reached XP level 7. HP: 41/50 MP: 11/11
  1973 | D:3      | Found Iffadghib's Weapon Shop.
  2117 | D:3      | Noticed Natasha
  2122 | D:3      | Killed Natasha
  2273 | D:3      | Noticed Natasha
  2279 | D:3      | Killed Natasha
  2396 | D:4      | Identified the +2 leather armour of Insecurity {rPois rF+
                  | Int+2 Dex+4}
  2432 | D:4      | Noticed Menkaure
  2445 | D:4      | Killed Menkaure
  2720 | D:4      | Found a blossoming altar of Fedhas.
  2904 | D:5      | Entered Level 5 of the Dungeon
  2905 | D:5      | Found a shadowy altar of Dithmenos.
  2916 | D:5      | Gained mutation: You sometimes gain a little power by
                  | taking damage. [demonic ancestry]
  2916 | D:5      | Reached XP level 8. HP: 57/57 MP: 13/13
  3050 | D:5      | Found a staircase to the Ecumenical Temple.
  3100 | Temple   | Entered the Ecumenical Temple
  3100 | Temple   | Found a transporter.
  3100 | Temple   | Found a transporter.
  3102 | Temple   | Found a transporter.
  3102 | Temple   | Found a transporter.
  3170 | D:5      | Reached skill level 1 in Invocations
  3249 | D:5      | Reached skill level 5 in Staves
  3249 | D:5      | Reached skill level 1 in Stealth
  3469 | D:6      | Found Rumip's General Store.
  3695 | D:6      | Blown up by a centaur

Illustrated notes

Levels and vault maps discovered:
D:1:      minmay_arrival_doors, layout_basic, kennysheep_pointless_box,
          minmay_indecisive_spiral
D:2:      layout_basic, basic_altar, uniq_crazy_yiuf_cottage, uniq_robin
D:3:      wad_pebble_path, layout_loops_ring, serial_shops,
          nicolae_shop_bloodbath_and_beyond, portal_sewer_entry_f, uniq_natasha
D:4:      layout_rooms, fedhas_altar_2, uniq_menkaure
D:5:      layout_basic, mainiacjoe_overflow_six_doors_small,
          minmay_temple_entry_crystal_x, minmay_fractal_squares_5
D:6:      layout_basic, mainiacjoe_overflow_cross_hatched, serial_shops, shop,
          shop_statue, st_stairs_12, minmay_door_square,
          chequers_serial_rivers_small_b, minmay_three_doors
Temple:   hellmonk_temple_divided_pantheon

Skill      XL: |  1  2  3  4  5  6  7  8 |
---------------+-------------------------+-----
Earth Magic    | 3 4 |  4.6
Spellcasting   | 2 3 |  3.8
Armour         | 1 2 |  2.9
Short Blades   | 1 |  1.3
Dodging        | 5 |  5.5
Staves         | 1 2 4 5 |  5.7
Fighting       | 2 3 |  3.6
Invocations    | 2 |  2.1
Stealth        | 1 |  1.5
Conjurations   | |  0.2

Action                     |  1- 3 |  4- 6 |  7- 9 || total
---------------------------+-------+-------+-------++-------
  Melee: Dagger            |   133 |     7 |       ||   140
         Punch             |     1 |       |       ||     1
         Headbutt          |     9 |     6 |    33 ||    48
         Quarterstaff      |       |    71 |   188 ||   259
   Cast: Sandblast         |    24 |    17 |     8 ||    49
         Stone Arrow       |       |       |     7 ||     7
 Invoke: Recall Undead Har |       |       |     4 ||     4
    Use: Scroll            |     7 |     2 |     3 ||    12
         Potion            |       |       |     2 ||     2
   Stab: Sleeping          |       |       |     1 ||     1
         Paralysed         |       |       |     4 ||     4
         Distracted        |       |       |     1 ||     1
 Armour: Leather armour    |    53 |    15 |    45 ||   113
         Chain mail        |       |    82 |    52 ||   134
  Dodge: Dodged            |   104 |    72 |   130 ||   306
